 Dungeon Crawl Stone Soup version 0.30-a0-739-gea05faddec (webtiles) character file.

Game seed: 963050790744172281

7 Newt the Ducker (level 1, -1/16 HPs)
             Began as a Demonspawn Gladiator on Feb 4, 2023.
             Frozen to death by an endoplasm (5 damage)
             ... on level 1 of the Dungeon.
             The game lasted 00:00:12 (138 turns).

Newt the Ducker (Demonspawn Gladiator)               Turns: 138, Time: 00:00:12

Health: -1/16      AC:  4    Str: 14    XL:     1   Next: 91%
Magic:  1/1        EV: 12    Int:  9    God:
Gold:   28         SH:  0    Dex: 14    Spells: 0/0 levels left

rFire   . . .      SeeInvis .    a - +0 rapier
rCold   . . .      Faith    .    (no shield)
rNeg    . . .      Spirit   .    b - +0 leather armour
rPois   .          Reflect  .    c - +0 helmet
rElec   .          Harm     .    (no cloak)
rCorr   .          Rampage  .    (no gloves)
Will    .....                    (no boots)
Stlth   ++                       (no amulet)
HPRegen 0.22/turn                (no ring)
MPRegen 0.07/turn                (no ring)

@: no status effects
A: no striking features
a: no special abilities


You were on level 1 of the Dungeon.
You visited 1 branch of the dungeon, and saw 1 of its levels.

You collected 28 gold pieces.

Inventory:

Hand Weapons
 a - a +0 rapier (weapon)
Missiles
 d - 3 throwing nets (quivered)
 e - a javelin
Armour
 b - a +0 leather armour (worn)
 c - a +0 helmet (worn)
Potions
 f - a potion of heal wounds {unknown}


   Skills:
 - Level 2.0 Fighting
 - Level 2.6 Short Blades
 - Level 1.7 Throwing
 - Level 2.6 Dodging
 + Level 1.6 Stealth


You couldn't memorise any spells.
You didn't know any spells.
Your spell library was empty.

Dungeon Overview and Level Annotations

Branches:
Dungeon (1/15)

Altars:


Message History

You are frozen.
Things that are here:
a +0 short sword; 5 stones You hit the endoplasm.
The endoplasm is severely wounded.
The hobgoblin hits you. The endoplasm freezes you.
You are frozen.
You are too injured to fight recklessly!
You are too injured to fight recklessly!
There are monsters nearby!
You are too injured to fight recklessly!
You are too injured to fight recklessly!
You are too injured to fight recklessly!
You are too injured to fight recklessly!
You are too injured to fight recklessly!
You are too injured to fight recklessly!
You are too injured to fight recklessly!
You are too injured to fight recklessly!
You are too injured to fight recklessly!
You are too injured to fight recklessly!
You are too injured to fight recklessly!
You are too injured to fight recklessly!
You are too injured to fight recklessly!
You are too injured to fight recklessly!
You are too injured to fight recklessly!
You are too injured to fight recklessly!
There are monsters nearby!
There are monsters nearby!
Unknown command.
You barely miss the endoplasm.
The endoplasm is severely wounded.
The endoplasm freezes you.
You are frozen.
The hobgoblin hits you.
* * * LOW HITPOINT WARNING * * *
You barely miss the endoplasm.
The endoplasm is severely wounded.
The endoplasm freezes you.
You are frozen.
You die...

........##.#.# .?
#######.##...#
#..# #..#...#
...#. #....#.#
#.... #....#.#
...... ##...#...
......###
##......#
......J.##
##..#.##.#
#g@.####..##..#...
#.†......## ###
### ##.†###..#
..........#
.........##.#
#####....##..
#....##### ###...
#....


You could see an endoplasm and a hobgoblin.

Vanquished Creatures
  2 ball pythons (D:1)
  2 bats (D:1)
  2 frilled lizards (D:1)
  2 kobolds (D:1)
  A rat (D:1)
9 creatures vanquished.

Notes
Turn   | Place    | Note
-------+----------+-------------------------------------------
     0 | D:1      | Newt the Demonspawn Gladiator began the quest for the Orb.
     0 | D:1      | Reached XP level 1. HP: 16/16 MP: 1/1
    70 | D:1      | Reached skill level 1 in Stealth
   138 | D:1      | Frozen to death by an endoplasm

Illustrated notes

Levels and vault maps discovered:
D:1:      dpeg_arrival_lava_temple_mockup, layout_rooms,
          chequers_serial_rivers_small_a, kennysheep_minor_cross, st_stairs_8

Skill      XL: |  1 |
---------------+----+-----
Stealth        | 1 |  1.6
Fighting       | |  2.0
Short Blades   | |  2.6
Throwing       | |  1.7
Dodging        | |  2.6

Action                     || total
---------------------------++-------
  Melee: Rapier            ||    25
   Stab: Sleeping          ||     2
 Armour: Leather armour    ||     8
  Dodge: Dodged            ||    21

Table legend: (Time is in decaauts)
 A = Elapsed time spent in this place.
 B = Non-inter-level travel time spent in this place.
 C = Inter-level travel time spent in this place.
 D = Time resting spent in this place.
 E = Time spent auto-exploring this place.
 F = Levels seen in this place.
 G = Mean time per level.
                   A        B        C        D        E       F      G
               +--------+--------+--------+--------+--------+-----+--------+
         Total |    139 |    139 |      0 |      0 |     86 |   1 |  139.0 |
       Dungeon |    139 |    139 |      0 |      0 |     86 |   1 |  139.0 |
               +--------+--------+--------+--------+--------+-----+--------+

Top non-repeatable levels by time:
     D:1: 139 daAuts
